 Dungeon Crawl Stone Soup version 0.30-a0-422-g946f4849ff (webtiles) character file.

Game seed: 17861944409605267548

1612 bande the Covered (level 8, 0/49 HPs)
             Began as a Gargoyle Fighter on Dec 8, 2022.
             Was a Believer of Okawaru.
             Splashed by a jelly's acid (5 damage)
             ... on level 6 of the Dungeon.
             The game lasted 00:10:00 (8222 turns).

bande the Covered (Gargoyle Fighter)                Turns: 8222, Time: 00:10:01

Health: 0/49       AC: 16    Str: 25    XL:     8   Next: 95%
Magic:  9/9        EV: 10    Int:  8    God:    Okawaru [**....]
Gold:   384        SH:  5    Dex: 11    Spells: 7/7 levels left

rFire   + . .      SeeInvis .    a - +0 war axe
rCold   . . .      Faith    .    c - +0 buckler
rNeg    + . .      Spirit   .    d - +3 ring mail {rF+}
rPois   ∞          Reflect  .    (no helmet)
rElec   +          Harm     .    (no cloak)
rCorr   .          Rampage  .    (no gloves)
Will    +....                    s - +0 pair of boots
Stlth   +.........               (no amulet)
HPRegen 0.28/turn                e - +6 ring of strength
MPRegen 0.11/turn                (no ring)

@: studying Shields
A: sickness immunity, AC +5, negative energy resistance 1, electricity
resistance, torment resistance 1, petrification resistance, strong-willed 1,
weak 1
a: Renounce Religion, Heroism


You were on level 6 of the Dungeon.
You worshipped Okawaru.
Okawaru was pleased with you.
You visited 1 branch of the dungeon, and saw 6 of its levels.

You collected 384 gold pieces.

Inventory:

Hand Weapons
 a - a +0 war axe (weapon)
 l - a +0 mace of draining
 m - a +0 war axe
Missiles
 n - a throwing net (quivered)
Armour
 c - a +0 buckler (worn)
 d - a +3 ring mail of fire resistance (worn)
 s - a +0 pair of boots (worn)
Jewellery
 e - a +6 ring of strength (left hand)
 o - a ring of protection from cold
Wands
 p - a wand of digging (5)
Scrolls
 j - a scroll of magic mapping
 q - 2 scrolls of fear
 t - a scroll of teleportation
Potions
 b - a potion of haste {unknown}
 f - a potion of flight
 g - a potion of invisibility {unknown}
 h - 2 potions of mutation
 i - a potion of brilliance {unknown}
 k - a potion of curing
 r - a potion of magic {unknown}


   Skills:
 + Level 5.2 Fighting
 + Level 6.3 Axes
 + Level 6.6 Armour
 - Level 0.2 Stealth
 + Level 4.9 Shields
 * Level 2.5 Invocations
 * Level 3.4 Evocations


You had 7 spell levels left.
You didn't know any spells.
Your spell library contained the following spells:

 Spells                   Type           Power      Damage    Failure   Level
 Frozen Ramparts          Ice            0%         1d1       94%         3
 Airstrike                Air            0%         2d(0-16)  100%        4
 Ice Form                 Ice/Tmut       0%         N/A       100%        4
 Lightning Bolt           Conj/Air       0%         1d11      100%        5
 Summon Ice Beast         Ice/Summ       Unusable   N/A       N/A         4
 Summon Lightning Spire   Summ/Air       Unusable   N/A       N/A         4

Dungeon Overview and Level Annotations

Branches:
Dungeon (6/15)
 Temple: D:4-7

Altars:
Elyvilon
Gozag
Okawaru
Ru
Uskayaw
Vehumet
Yredelemnul
Zin

Shops:
D:2 [


Innate Abilities, Weirdness & Mutations

You are immune to sickness and miasma.
Your stone body is resilient. (AC +5)
You are immune to poison.
You resist negative energy. (rN+)
You are resistant to electric shocks. (rElec)
You are resistant to unholy torment.
You are immune to petrification.
You are strong-willed. (Will+)
You are weak. (Str -2)


Message History

You kill the gnoll!
Okawaru accepts your kill.
You hit the gnoll. You barely miss the hound. You slash the gnoll!
You barely miss the gnoll bouda. The hound bites you.
You block the gnoll bouda's attack. Edmund hits you but does no damage.
The gnoll hits you from afar with a +0 spear.
You block the gnoll's attack. The hound bites you but does no damage.
The gnoll closely misses you.
You completely miss Edmund.
Edmund is almost dead.
You hit the gnoll bouda. You slash the gnoll!
You kill the gnoll!
Okawaru accepts your kill.
You hit the hound. You slash the gnoll!
You kill the gnoll!
Okawaru accepts your kill.
The hound stops to sniff the ground.
The hound bites you but does no damage. You block the gnoll bouda's attack.
You block Edmund's attack. You block the gnoll's attack.
The hound barely misses you. The jelly hits you but does no damage.
The gnoll hits you but does no damage. Edmund hits you but does no damage.
The gnoll bouda hits you with a +0 club.
You hit Edmund but do no damage.
Edmund is almost dead.
You hit the jelly but do no damage.
Your hands burn!
* * * LOW HITPOINT WARNING * * *
You hit the gnoll bouda but do no damage.
You slash the hound! The hound misses you.
The gnoll bouda hits you with a +0 club!
* * * LOW HITPOINT WARNING * * *
Edmund hits you but does no damage. The gnoll hits you but does no damage.
You block the jelly's attack. The hound bites you but does no damage.
You slash Edmund!
You kill Edmund!
Okawaru is honoured by your kill.
You slash the gnoll bouda! You hit the hound.
You kill the hound!
Okawaru accepts your kill.
You hit the jelly.
Your hands burn!
You die...

#.# ##./ #.# #... #>#
##... #.# #.... ##.#
##.... ###..# #.....
#######....###.....
..#####)).........##.....
#.......@)#######........
#......Jg## ##.......
#.....g..# ##......
#......$.. ##.....
....!...?.. #.....
..........## ##....
.......#### #..#. ......#
#..## #..#


You could see a gnoll bouda, a jelly and a gnoll (swift).

Vanquished Creatures
  Edmund (D:6)
  A water moccasin (D:6)
  A black bear (D:4)
  2 ogres
  2 centaurs
  5 scorpions
  A gnoll sergeant (D:4)
  A howler monkey (D:6)
  3 hounds
  2 jellies
  An orc priest (D:6)
  5 iguanas
  3 orc wizards
  Natasha (thrice) (D:2)
  12 gnolls
  5 adders
  A white imp (D:6)
  4 dart slugs
  10 orcs
  8 ball pythons
  2 bats
  10 endoplasms
  4 giant cockroaches
  4 goblins
  3 hobgoblins (D:1)
  3 jackals (D:1)
  12 kobolds
  5 quokkas
  5 frilled lizards
  7 rats
126 creatures vanquished.

Vanquished Creatures (collateral kills)
  A bat (D:2)
1 creature vanquished.

Grand Total: 127 creatures vanquished

Notes
Turn   | Place    | Note
-------+----------+-------------------------------------------
     0 | D:1      | bande the Gargoyle Fighter began the quest for the Orb.
     0 | D:1      | Reached XP level 1. HP: 14/14 MP: 1/1
   141 | D:1      | Reached XP level 2. HP: 19/19 MP: 2/2
   535 | D:1      | Reached XP level 3. HP: 18/23 MP: 3/3
   938 | D:2      | Noticed Natasha
   945 | D:2      | Killed Natasha
   946 | D:2      | Reached XP level 4. HP: 20/28 MP: 4/4
  1097 | D:2      | Found Raqirri's Armour Shoppe.
  1549 | D:2      | Noticed Natasha
  1563 | D:2      | Killed Natasha
  1564 | D:2      | Reached XP level 5. HP: 18/33 MP: 5/5
  1606 | D:2      | Noticed Natasha
  1614 | D:2      | Killed Natasha
  2145 | D:3      | Gained mutation: You are weak. (Str -2) [potion of
                  | mutation]
  2145 | D:3      | Gained mutation: You are strong-willed. (Will+) [potion of
                  | mutation]
  2959 | D:4      | Reached XP level 6. HP: 20/38 MP: 6/6
  3143 | D:4      | Reached skill level 1 in Evocations
  3226 | D:4      | Noticed a black bear
  3239 | D:4      | HP: 1/38 [black bear (7)]
  3248 | D:4      | Killed a black bear
  3438 | D:4      | Reached XP level 7. HP: 34/43 MP: 7/7
  3863 | D:4      | Found an opulent altar of Gozag.
  4094 | D:5      | Entered Level 5 of the Dungeon
  4151 | D:5      | Reached skill level 5 in Armour
  4229 | D:5      | Reached skill level 5 in Axes
  4331 | D:5      | Found a basalt altar of Yredelemnul.
  4395 | D:4      | HP: 2/44 [gnoll/+0 whip[a gnoll sergeant] (3)]
  6195 | D:4      | HP: 1/44 [gnoll sergeant/+0 spear (8)]
  6574 | D:5      | Reached XP level 8. HP: 18/48 MP: 8/8
  6803 | D:5      | Found an iron altar of Okawaru.
  6816 | D:5      | Became a worshipper of Warmaster Okawaru
  7302 | D:5      | Found a radiant altar of Vehumet.
  7305 | D:5      | Found a hide-covered altar of Uskayaw.
  7308 | D:5      | Found a glowing silver altar of Zin.
  7309 | D:5      | Found a sacrificial altar of Ru.
  7381 | D:5      | Found a white marble altar of Elyvilon.
  7453 | D:6      | Reached skill level 1 in Invocations
  7470 | D:6      | HP: 1/48 [something (4)]
  7485 | D:6      | Reached skill level 5 in Fighting
  7824 | D:6      | Reached * piety under Okawaru
  8202 | D:6      | Noticed Edmund
  8222 | D:6      | Killed Edmund
  8222 | D:6      | Reached ** piety under Okawaru
  8222 | D:6      | Splashed by a jelly's acid

Illustrated notes

Levels and vault maps discovered:
D:1:      dpeg_arrival_castle, layout_basic, minmay_split_cup_large
D:2:      layout_basic, serial_curves, eino_curves_03, eino_curves_02,
          serial_shops, nicolae_shop_hallway_plus, serial_bayou_pond_a,
          uniq_natasha
D:3:      wander_river, layout_basic
D:4:      layout_loops_corners, grunt_gozag_statues, minmay_door_square
D:5:      layout_cave_pools, kennysheep_ying_yang, grunt_temple_overflow_open,
          mainiacjoe_overflow_alcove_2
D:6:      layout_cave_pods, minmay_statues_item, minmay_misc_feat_encased,
          uniq_edmund

Skill      XL: |  1  2  3  4  5  6  7  8 |
---------------+-------------------------+-----
Axes           | 2 3 4 5 6 |  6.3
Armour         | 4 5 6 |  6.6
Shields        | 4 |  4.9
Fighting       | 4 5 |  5.2
Evocations     | 1 2 3 |  3.4
Invocations    | 2 |  2.5
Stealth        | |  0.2

Action                   |  1- 3 |  4- 6 |  7- 9 || total
-------------------------+-------+-------+-------++-------
Melee: War axe           |    80 |   163 |   231 ||   474
  Use: Scroll            |       |     8 |     3 ||    11
       Potion            |       |     5 |     3 ||     8
Armor: Scale mail        |    47 |   140 |   141 ||   328
       Ring mail         |       |       |    58 ||    58
Dodge: Dodged            |    35 |    70 |   144 ||   249
Block: Buckler           |    16 |    43 |    87 ||   146

Table legend: (Time is in decaauts)
 A = Elapsed time spent in this place.
 B = Non-inter-level travel time spent in this place.
 C = Inter-level travel time spent in this place.
 D = Time resting spent in this place.
 E = Time spent auto-exploring this place.
 F = Levels seen in this place.
 G = Mean time per level.
                   A        B        C        D        E       F      G
               +--------+--------+--------+--------+--------+-----+--------+
         Total |   8439 |   8323 |    116 |   3145 |   3902 |   6 | 1406.5 |
       Dungeon |   8439 |   8323 |    116 |   3145 |   3902 |   6 | 1406.5 |
               +--------+--------+--------+--------+--------+-----+--------+

Top non-repeatable levels by time:
     D:4: 3570 daAuts
     D:5: 1261 daAuts
     D:3: 959 daAuts
     D:1: 951 daAuts
     D:2: 880 daAuts
     D:6: 816 daAuts
